 Dungeon Crawl Stone Soup version 0.30-a0-122-g2a1322497e (webtiles) character file.

Game seed: 17516326292739303044

33 MisterAzrael the Shield-Bearer (level 3, 0/33 HPs)
             Began as a Minotaur Fighter on Sept 16, 2022.
             Slain by an orc
             ... wielding a +0 falchion
              (3 damage)
             ... on level 3 of the Dungeon.
             The game lasted 00:01:17 (1108 turns).

MisterAzrael the Shield-Bearer (Minotaur Fighter)   Turns: 1108, Time: 00:01:18

Health: 0/33       AC:  7    Str: 22    XL:     3   Next: 12%
Magic:  2/2        EV:  9    Int: 10    God:
Gold:   51         SH:  4    Dex:  9    Spells: 2/2 levels left

rFire   . . .      SeeInvis .    i - +10 dagger of Barnacled Purpose {vamp, rCorr Int+5 Stlth+}
rCold   . . .      Faith    .    c - +0 buckler
rNeg    + . .      Spirit   .    b - +0 scale mail
rPois   .          Reflect  .    (helmet restricted)
rElec   .          Harm     .    (no cloak)
rCorr   +          Rampage  .    (no gloves)
Will    .....                    (no boots)
Stlth   +.........               (no amulet)
HPRegen 0.11/turn                f - ring of positive energy
MPRegen 0.08/turn                (no ring)

@: attractive
A: horns 2, retaliatory headbutt
a: no special abilities


You were on level 3 of the Dungeon.
You visited 1 branch of the dungeon, and saw 3 of its levels.

You collected 51 gold pieces.

Inventory:

Hand Weapons
 a - a +0 long sword
 i - the +10 dagger of Barnacled Purpose (weapon) {vamp, rCorr Int+5 Stlth+}
   (You found it on level 2 of the Dungeon)

   It occasionally heals its wielder for a portion of the damage dealt when it
   wounds a living foe.
   Int:       It affects your intelligence (+5).
   rCorr:     It protects you from acid and corrosion.
   Stlth:     It makes you more stealthy.
Armour
 b - a +0 scale mail (worn)
 c - a +0 buckler (worn)
 h - a +0 chain mail
Jewellery
 f - a ring of positive energy (left hand)
Scrolls
 e - a scroll of enchant weapon {unknown}
 j - a scroll of vulnerability {unknown}
 m - 2 scrolls of butterflies {unknown}
Potions
 d - 2 potions of might
 k - a potion of haste {unknown}
 l - a potion of heal wounds {unknown}


   Skills:
 + Level 4.1 Fighting
 + Level 0.4(1.6) Short Blades
 - Level 2.9 Long Blades
 + Level 4.0 Armour
 + Level 4.1 Shields


You had 2 spell levels left.
You didn't know any spells.
Your spell library was empty.

Dungeon Overview and Level Annotations

Branches:
Dungeon (3/15)

Altars:


Innate Abilities, Weirdness & Mutations

You have a pair of horns on your head.
You reflexively headbutt those who attack you in melee.


Message History

The orc wizard gestures at you while chanting.
You are confused.
An orc comes into view. It is wielding a +0 falchion.
The orc wizard gestures wildly while chanting.
The orc wizard flickers and vanishes!
Deactivating autopickup; reactivate with Ctrl-A.
A giant cockroach comes into view.
You're too confused to move!
The orc wizard mumbles some strange words.
The orc wizard flickers and vanishes!
You're too confused to move!
Something hits you but does no damage. The orc hits you but does no damage.
You miss the orc. Your headbutt misses the orc. You miss something.
Your headbutt misses something. Something hits you.
The orc hits you but does no damage. The goblin attacks as you move away!
The goblin closely misses you. The giant cockroach closely misses you.
You hear some strange, mumbled words.
A puff of flame appears from out of thin air!
The puff of flame hits you! The orc hits you with a +0 dagger.
The giant cockroach bites you.
You hit something but do no damage. Your headbutt misses something.
The goblin hits you with a +0 dagger. Something hits you.
The orc hits you with a +0 falchion. The orc hits you with a +0 dagger.
The giant cockroach closely misses you.
You're too confused to move!
You feel less confused. Something hits you.
* * * LOW HITPOINT WARNING * * *
The orc hits you with a +0 falchion.
* * * LOW HITPOINT WARNING * * *
Something hits you but does no damage. The goblin hits you but does no damage.
You block the orc's attack.
The giant cockroach bites you but does no damage.
The dart slug launches a dart at you.
The slug dart hits something.
It was a potion of attraction.
You feel attractive to monsters. You block the goblin's attack.
The orc hits you with a +0 falchion.
You die...

#> ###### ..
##.....## #.
##.......#
#..#).>......
#.#.........
#...........
#<<........
####..go......
#.>...@{w.....
...###.Bo....(.
#.# #.........
. #......)..
#.........
##.......#
^......##
.....###


You could see a dart slug, 2 orcs, a giant cockroach and a goblin.

Vanquished Creatures
  A worm (D:2)
  An orc (D:2)
  5 ball pythons
  2 endoplasms
  2 giant cockroaches
  3 goblins (D:2)
  3 hobgoblins (D:2)
  2 kobolds (D:2)
  3 bats
  3 frilled lizards
  2 rats (D:1)
27 creatures vanquished.

Notes
Turn   | Place    | Note
-------+----------+-------------------------------------------
     0 | D:1      | MisterAzrael the Minotaur Fighter began the quest for the
                  | Orb.
     0 | D:1      | Reached XP level 1. HP: 19/19 MP: 0/0
   253 | D:1      | Reached XP level 2. HP: 15/27 MP: 1/1
   399 | D:1      | You fall into a shaft and drop 1 floor!
   449 | D:2      | Identified the +10 dagger of Barnacled Purpose {vamp, rCorr
                  | Int+5 Stlth+}
   677 | D:2      | Reached XP level 3. HP: 27/33 MP: 2/2
  1108 | D:3      | Slain by an orc

Illustrated notes

Levels and vault maps discovered:
D:1:      ncdulo_smallfort, layout_rooms, chequers_serial_rivers_micro_a,
          st_stairs_3, minmay_misc_feat_nine_boxes, dk_noncrumbling_2,
          minmay_hexomino_f4
D:2:      layout_loops_ring, kennysheep_nondescript
D:3:      minmay_bubble_buster, layout_rooms, ebering_ecumenical_altar_ruins

Skill      XL: |  1  2 |
---------------+-------+-----
Shields        | 4 |  4.1
Armour         | 4 |  4.0
Fighting       | 4 |  4.1
Short Blades   | |  0.4
Long Blades    | |  2.9

Action                   || total
-------------------------++-------
Melee: Long sword        ||    46
       Headbutt          ||    10
       Dagger            ||    20
  Use: Potion            ||     1
Armor: Scale mail        ||    33
Dodge: Dodged            ||    35
Block: Buckler           ||    14

Table legend: (Time is in decaauts)
 A = Elapsed time spent in this place.
 B = Non-inter-level travel time spent in this place.
 C = Inter-level travel time spent in this place.
 D = Time resting spent in this place.
 E = Time spent auto-exploring this place.
 F = Levels seen in this place.
 G = Mean time per level.
                   A        B        C        D        E       F      G
               +--------+--------+--------+--------+--------+-----+--------+
         Total |   1120 |   1099 |     21 |      0 |    911 |   3 |  373.3 |
       Dungeon |   1120 |   1099 |     21 |      0 |    911 |   3 |  373.3 |
               +--------+--------+--------+--------+--------+-----+--------+

Top non-repeatable levels by time:
     D:2: 703 daAuts
     D:1: 407 daAuts
     D:3: 9 daAuts
